 Dungeon Crawl Stone Soup version 0.27.1-1-g398f81649c (webtiles) character file.

Game seed: 4754102390887067889

102 Descartes the Firebug (level 4, -2/24 HPs)
             Began as a Deep Elf Fire Elementalist on Sept 8, 2021.
             Killed by nerve-wracking pain
             ... invoked by Grinder
              (9 damage)
             ... on level 2 of the Dungeon.
             The game lasted 00:06:03 (2192 turns).

Descartes the Firebug (Deep Elf Fire Elementalist)  Turns: 2192, Time: 00:06:03

Health: -2/24      AC:  3    Str:  5    XL:     4   Next: 50%
Magic:  9/11       EV: 12    Int: 21    God:
Gold:   87         SH:  0    Dex: 15    Spells: 8/10 levels left

rFire    . . .     SeeInvis .   i - +1 dagger (venom)
rCold    . . .     Faith    .   (no shield)
rNeg     . . .     Spirit   .   b - +0 leather armour
rPois    .         Reflect  .   (no helmet)
rElec    .         Harm     .   (no cloak)
rCorr    .         Rampage  .   (no gloves)
Will     .....                  (no boots)
Stlth    ++........             (no amulet)
HPRegen  0.08/turn              (no ring)
MPRegen  0.12/turn              (no ring)

@: no status effects
A: no striking features
a: no special abilities


You were on level 2 of the Dungeon.
You visited 1 branch of the dungeon, and saw 3 of its levels.

You collected 87 gold pieces.

Inventory:

Hand Weapons
 i - a +1 dagger of venom (weapon)
Missiles
 e - 38 stones
Armour
 a - a +0 robe
 b - a +0 leather armour (worn)
Scrolls
 d - a scroll of identify {unknown}
 g - a scroll of torment {unknown}
 h - a scroll of enchant weapon {unknown}
Potions
 f - a potion of mutation {unknown}
 j - a potion of might {unknown}
 k - a potion of lignification {unknown}
 l - a potion of degeneration {unknown}


   Skills:
 + Level 3.3 Dodging
 + Level 3.3 Stealth
 + Level 3.8 Spellcasting
 + Level 2.1 Conjurations
 + Level 4.0 Fire Magic
 + Level 0.9 Earth Magic


You had 8 spell levels left.
You knew the following spells:

 Your Spells              Type           Power      Damage    Failure   Level
a - Foxfire               Conj/Fire      64%        2x1d7     6%          1
b - Sandblast             Erth           16%        2d6       14%         1

Your spell library contained the following spells:

 Spells                   Type           Power      Damage    Failure   Level
 Conjure Flame            Conj/Fire      16%        6-21      17%         3
 Passwall                 Tmut/Erth      5%         N/A       26%         2
 Inner Flame              Hex/Fire       12%        N/A       26%         3
 Sticky Flame             Conj/Fire      16%        2d4       50%         4
 Fireball                 Conj/Fire      8%         3d6       85%         5
 Lee's Rapid Deconstruct  Erth           4%         3d6*      98%         5


Dungeon Overview and Level Annotations

Branches:
Dungeon (3/15)

Altars:

Annotations:
D:2 Grinder


Message History

There is an open door here.
There is an escape hatch in the floor here.
There is a stone staircase leading down here.
You climb downwards.
There is a stone staircase leading up here.
Casting: Foxfire (safe; 6% risk of failure)
Confirm with . or Enter, or press ? or * to list all spells.
You conjure some foxfire!
Casting: Foxfire (safe; 6% risk of failure)
Confirm with . or Enter, or press ? or * to list all spells.
You conjure some foxfire!
The foxfire hits the endoplasm.
The endoplasm is almost dead.
The endoplasm quivers.
The foxfire hits Grinder.
Grinder is lightly wounded.
Grinder shouts!
You hear an angry hiss.
The foxfire hits the endoplasm.
You kill the endoplasm!
The foxfire hits Grinder but does no damage.
Grinder is lightly wounded.
Grinder misses you.
Your Fire Magic skill increases to level 4!
You climb upwards.
There is a stone staircase leading down here.
Casting: Foxfire (safe; 6% risk of failure)
Confirm with . or Enter, or press ? or * to list all spells.
You conjure some foxfire!
Grinder hits you.
You writhe in agony.
The foxfire hits Grinder.
Grinder is lightly wounded.
The foxfire hits Grinder.
Grinder is moderately wounded.
Grinder hits you.
You writhe in agony.
* * * LOW HITPOINT WARNING * * *
It was a potion of curing.
You feel better. Grinder gestures at you. Pain shoots through your body!
* * * LOW HITPOINT WARNING * * *
Grinder gestures at you. Pain shoots through your body!
You die...

#.##...#.# #####
#.#...<#.# #.#..###.#
####### #........#
#.....# #....#####
#.....# #....# #.....#
#....# #...#########
#.##.#######...#.......#
#...>5.@.>.....'.......#
########.......#.......#
#......##....)..#
#......##.......#
#......##.......#
#......##..)....#
#......###'######
#......###..## #
########.....# #


You could see Grinder.

Vanquished Creatures
  A gnoll (D:1)
  4 adders (D:2)
  A worm (D:2)
  2 bats (D:1)
  2 endoplasms
  2 giant cockroaches (D:1)
  3 goblins
  7 hobgoblins
  4 jackals (D:1)
  5 quokkas
  8 ball pythons
  2 frilled lizards (D:2)
  6 kobolds
  3 rats (D:1)
50 creatures vanquished.

Vanquished Creatures (others)
  173 foxfires
173 creatures vanquished.

Grand Total: 223 creatures vanquished

Notes
Turn   | Place    | Note
-------+----------+-------------------------------------------
     0 | D:1      | Descartes the Deep Elf Fire Elementalist began the quest
                  | for the Orb.
     0 | D:1      | Reached XP level 1. HP: 10/10 MP: 6/6
   169 | D:1      | Reached XP level 2. HP: 15/15 MP: 1/8
   462 | D:1      | Reached XP level 3. HP: 19/19 MP: 2/9
   531 | D:1      | Learned a level 1 spell: Sandblast
  1413 | D:2      | Reached XP level 4. HP: 24/24 MP: 6/11
  2182 | D:3      | Noticed Grinder
  2186 | D:3      | Reached skill level 4 in Fire Magic
  2192 | D:2      | Killed from afar by Grinder

Illustrated notes

Levels and vault maps discovered:
D:1:      amcnicky_arrival_double_pillar, layout_basic
D:2:      minmay_evil_eye, layout_basic
D:3:      layout_rooms, overflow_temple_1_default, serial_shops,
          nicolae_shop_behind_doors, uniq_terence, uniq_grinder

Skill      XL: |  1  2  3  4 |
---------------+-------------+-----
Stealth        | 3 |  3.3
Dodging        | 3 |  3.3
Conjurations   | 2 |  2.1
Fire Magic     | 4 |  4.0
Spellcasting   | |  3.8
Earth Magic    | |  0.9

Action                   |  1- 3 |  4- 6 || total
-------------------------+-------+-------++-------
Melee: Dagger            |     5 |       ||     5
 Cast: Foxfire           |    69 |    42 ||   111
       Sandblast         |     1 |       ||     1
  Use: Potion            |       |     1 ||     1
Armor: Leather armour    |     4 |       ||     4
Dodge: Dodged            |    16 |     2 ||    18
